Wild vs Canucks

Created - 5 janvier 2025 at 09:17

Goals
1 2 3 OT1 SO T
Wild 2 1 2 0 2 6
Canucks 1 2 2 0 0 5
Shots
1 2 3 OT1 SO T
Wild 8 7 15 2 3 32
Canucks 8 3 19 1 2 31

GoalsPenalties
1st period
1. Canucks , Nils Aman 28 (Michael Benning 7, Max Willman 11) at 13:43
2. Wild , Austin Czarnik 6 (Derick Brassard 9) at 13:53
3. Wild , Jonatan Berggren 1 (Austin Czarnik 2, Derick Brassard 10) at 15:22
2nd period
4. Wild , Cooper Marody 3 (Mathias Emilio Pettersen 16, Brad Malone 10) at 4:08
5. Canucks , Connor Ford 5 (Dakota Mermis 16, Gabriel Dumont 15) at 9:46
6. Canucks , Adam Cracknell 19 (Will Lockwood 33, Danny DeKeyser 12) at 10:03
Chris Wagner (VAN) for Goalie Interference (Minor) at 5:39
Brandon Davidson (MIN) for Slashing (Minor) at 10:06
3rd period
7. Canucks , Will Lockwood 29 (Nils Aman 44) at 1:15 (PP)
8. Wild , Seth Griffith 1 (Alex Limoges 1) at 11:45
9. Canucks , Will Lockwood 30 (Adam Cracknell 18, Nils Aman 45) at 11:57
10. Wild , Derick Brassard 1 (Brandon Davidson 2, Jack Rathbone 3) at 19:55
Jonatan Berggren (MIN) for Slashing (Minor) at 1:07
Overtime #1
No Goal
Shootout
Wild, Derick Brassard - Goal!
Canucks, Nils Aman - Shot Misses the Net
Wild, Austin Czarnik - Stopped by Calvin Pickard
Canucks, Will Lockwood - Stopped by Joel Hofer
Wild, Jonatan Berggren - Goal!
Goalie Stats
Joel Hofer (MIN), 26 saves from 31 shots - (0,839), W, 15-11-9, 64:52 minutes
Calvin Pickard (VAN), 27 saves from 32 shots - (0,844), OTL, 26-10-10, 65:00 minutes
3 StarsOfficial
1 - Derick Brassard (MIN)
2 - Will Lockwood (VAN)
3 - Nils Aman (VAN)
Referees : Marc Joannette and Jean Hebert
Linesman : Jean-Luc Grand-Pierre and Alex Blair
Game Note
No Game Note



Team Name Goals Shots Shots Attemp Shots Blocked PIM HIT PP PK FO%
Wild 6326064320 / 1 (0%)146%
Canucks 5315462141 / 2 (50%)054%

Wild
Player Name POS G A P +/- PIM HIT SHT SB MP PP MP PP SHT PK MP PK SHT FO% FOT GA TA
Adam KarashikD0002011019:300:5900:5200% 000
Alex LimogesC/LW0111000017:300:5300:39050% 1000
Andrew PeskiD000-1010011:330:0000:0000% 000
Austin CzarnikC/RW1120013121:221:0600:59067% 300
Brad MaloneC/LW0110012017:540:0000:29033% 310
Brandon DavidsonD0110210025:271:0000:0800% 001
Cooper MarodyC/RW1010044017:560:0000:2900% 010
Derick BrassardC/LW1230034326:221:0600:59050% 3400
Dylan SikuraC/LW/RW0001031018:160:5300:0000% 000
Jack RathboneD0110034129:251:0001:1500% 011
Joakim KemellRW000001206:410:0000:0000% 000
Jonatan BerggrenLW/RW1010213021:091:0300:3900% 231
Luke MartinD0002021119:210:5900:5200% 011
Mathias Emilio PettersenC0110024015:160:0300:00029% 730
Ryan MastD000-1011015:030:0001:0700% 000
Seth GriffithC/RW1011052017:240:5300:0000% 001
Shane GersichLW000002007:470:0000:0000% 000
Topi NiemeläD000000004:550:0000:0000% 000
Canucks
Player Name POS G A P +/- PIM HIT SHT SB MP PP MP PP SHT PK MP PK SHT FO% FOT GA TA
Adam CracknellC/LW/RW112-1014124:421:0800:2000% 100
Brogan RaffertyD0000000021:080:5900:5100% 002
Chris WagnerC0001202117:050:0600:00086% 710
Connor FordC/LW/RW1011002117:590:0600:270100% 101
Dakota MermisD011-2012124:591:0801:0800% 002
Danny DeKeyserD011-2020224:591:0801:0800% 001
Dawson BarteauxD000000006:200:0000:0000% 000
Gabriel DumontC011-1003020:480:5300:34055% 1100
Lane HutsonD0001011014:050:0000:0000% 010
Marcus BjorkD0000020018:100:5900:5100% 001
Max WillmanLW0111012017:120:0600:0000% 001
Michael BenningD0111000012:020:0000:0000% 000
Nils AmanC123-1037024:151:0801:04050% 3811
Olivier GalipeauD000000005:500:0000:0000% 000
Olivier LeBlancD000000000:430:0000:0000% 000
Olle LycksellRW000-1001017:560:5300:0000% 010
Turner ElsonLW000-1010020:420:5300:3000% 000
Will LockwoodRW213-1027024:051:0811:0300% 111

Wild

5 vs 5 Forward
Line #Left WingCenterRight WingPHYDFOFWanted %Time %Time Play
1Jonatan BerggrenDerick BrassardAustin Czarnik1224034%18:31
2Dylan SikuraAlex LimogesSeth Griffith1223029%16:15
3Brad MaloneMathias Emilio PettersenCooper Marody1222025%13:41
4Shane GersichDerick BrassardJoakim Kemell1221012%6:41
5 vs 5 Defense
Line #DefenseDefensePHYDFOFWanted %Time %Time Play
1Jack RathboneBrandon Davidson1224040%22:09
2Luke MartinAdam Karashik1223032%17:30
3Andrew PeskiRyan Mast1222019%10:39
4Topi NiemeläJack Rathbone122109%4:50
Power Play Forward
Line #Left WingCenterRight WingPHYDFOFWanted %Time %Time Play
1Jonatan BerggrenDerick BrassardAustin Czarnik1226055%1:06
2Dylan SikuraAlex LimogesSeth Griffith1224045%0:53
Power Play Defense
Line #DefenseDefensePHYDFOFWanted %Time %Time Play
1Jack RathboneBrandon Davidson1226050%1:00
2Luke MartinAdam Karashik1224050%0:59
Penalty Kill 4 Players Forward
Line #CenterWingPHYDFOFWanted %Time %Time Play
1Derick BrassardAustin Czarnik1226069%1:28
2Jonatan BerggrenAlex Limoges1224031%0:39
Penalty Kill 4 Players Defense
Line #DefenseDefensePHYDFOFWanted %Time %Time Play
1Jack RathboneBrandon Davidson1226059%1:15
2Luke MartinAdam Karashik1224041%0:52
Penalty Kill 3 Players
Line #WingPHYDFOFWanted %Time %Time PlayDefenseDefensePHYDFOFWanted %Time %Time Play
1Derick Brassard122600%0:00 Jack RathboneBrandon Davidson122600%0:00
2Austin Czarnik122400%0:00 Luke MartinAdam Karashik122400%0:00
4 vs 4 Forward
Line #CenterWingPHYDFOFWanted %Time %Time Play
1Derick BrassardAustin Czarnik122600%0:00
2Jonatan BerggrenAlex Limoges122400%0:00
4 vs 4 Defense
Line #DefensePHYDFOFWanted %Time %Time Play
1Jack RathboneBrandon Davidson122600%0:00
2Luke MartinAdam Karashik122400%0:00
Last Minutes Offensive
Left WingCenterRight WingDefenseDefense
Jonatan BerggrenDerick BrassardAustin CzarnikJack RathboneBrandon Davidson
Last Minutes Defensive
Left WingCenterRight WingDefenseDefense
Jonatan BerggrenDerick BrassardAustin CzarnikJack RathboneBrandon Davidson
Time
Total ForwardTotal DefenseLast Minutes OffensiveLast Minutes Defensive
60:00 60:00 0:460:00
Extra Forwards
Normal PowerPlayPenalty Kill
Mathias Emilio Pettersen, Brad Malone, Cooper MarodyMathias Emilio Pettersen, Brad MaloneCooper Marody
Extra Defensemen
Normal PowerPlayPenalty Kill
Andrew Peski, Ryan Mast, Topi NiemeläAndrew Peski, Ryan MastTopi Niemelä
Penalty Shots
Derick Brassard, Austin Czarnik, Jonatan Berggren, Alex Limoges, Seth Griffith
Goalie
Joel Hofer, Yaroslav Askarov
Scratches
Jakub Demek (Healthy), Evan Polei (Healthy), Tanner Dickinson (Healthy), Logan Day (Right Leg Injury), Ty Ronning (Healthy) Cristiano DiGiacinto (Healthy), Timur Ibragimov (Healthy), Anthony Vincent (Healthy), Dylan Ferguson (Healthy), Dryden McKay (Healthy)

Canucks

5 vs 5 Forward
Line #Left WingCenterRight WingPHYDFOFWanted %Time %Time Play
1Adam CracknellNils AmanWill Lockwood1224035%19:13
2Turner ElsonGabriel DumontOlle Lycksell1223032%17:24
3Max WillmanChris WagnerConnor Ford1222028%15:24
4Will LockwoodNils AmanAdam Cracknell122105%3:00
5 vs 5 Defense
Line #DefenseDefensePHYDFOFWanted %Time %Time Play
1Dakota MermisDanny DeKeyser1224040%21:54
2Brogan RaffertyMarcus Bjork1223030%16:16
3Michael BenningLane Hutson1222020%11:01
4Olivier GalipeauDawson Barteaux1221011%5:50
Power Play Forward
Line #Left WingCenterRight WingPHYDFOFWanted %Time %Time Play
1Adam CracknellNils AmanWill Lockwood1226058%1:14
2Turner ElsonGabriel DumontOlle Lycksell1224042%0:53
Power Play Defense
Line #DefenseDefensePHYDFOFWanted %Time %Time Play
1Dakota MermisDanny DeKeyser1226054%1:08
2Brogan RaffertyMarcus Bjork1224046%0:59
Penalty Kill 4 Players Forward
Line #CenterWingPHYDFOFWanted %Time %Time Play
1Nils AmanWill Lockwood1226083%1:39
2Adam CracknellGabriel Dumont1224017%0:20
Penalty Kill 4 Players Defense
Line #DefenseDefensePHYDFOFWanted %Time %Time Play
1Dakota MermisDanny DeKeyser1226057%1:08
2Brogan RaffertyMarcus Bjork1224043%0:51
Penalty Kill 3 Players
Line #WingPHYDFOFWanted %Time %Time PlayDefenseDefensePHYDFOFWanted %Time %Time Play
1Nils Aman122600%0:00 Dakota MermisDanny DeKeyser122600%0:00
2Will Lockwood122400%0:00 Brogan RaffertyMarcus Bjork122400%0:00
4 vs 4 Forward
Line #CenterWingPHYDFOFWanted %Time %Time Play
1Nils AmanWill Lockwood122600%0:00
2Adam CracknellGabriel Dumont122400%0:00
4 vs 4 Defense
Line #DefensePHYDFOFWanted %Time %Time Play
1Dakota MermisDanny DeKeyser122600%0:00
2Brogan RaffertyMarcus Bjork122400%0:00
Last Minutes Offensive
Left WingCenterRight WingDefenseDefense
Adam CracknellNils AmanWill LockwoodDakota MermisDanny DeKeyser
Last Minutes Defensive
Left WingCenterRight WingDefenseDefense
Adam CracknellNils AmanWill LockwoodDakota MermisDanny DeKeyser
Time
Total ForwardTotal DefenseLast Minutes OffensiveLast Minutes Defensive
60:00 60:00 0:000:53
Extra Forwards
Normal PowerPlayPenalty Kill
Max Willman, Chris Wagner, Connor FordMax Willman, Chris WagnerConnor Ford
Extra Defensemen
Normal PowerPlayPenalty Kill
Olivier LeBlanc, Michael Benning, Lane HutsonOlivier LeBlanc, Michael BenningLane Hutson
Penalty Shots
Nils Aman, Will Lockwood, Adam Cracknell, Gabriel Dumont, Olle Lycksell
Goalie
Calvin Pickard, Cayden Primeau
Scratches
Alexis Gendron (Healthy), Daylan Kuefler (Healthy), Brayden Burke (Healthy), Olivier Nadeau (Healthy), John Stevens (Healthy) Carson Gicewicz (Healthy), Anton Blidh (Healthy), Oliver Chau (Healthy), Max Ellis (Healthy), Oliver Cooper (Healthy) Peyton Jones (Healthy), Cale Morris (Healthy)


Play-by-Play

1st period


0:01 of 1st period - Nils Aman wins face-off versus Derick Brassard in neutral zone.
0:34 of 1st period - Turner Elson is hit by Dylan Sikura and loses puck.
3:10 of 1st period - Wrist shot by Joakim Kemell.
3:10 of 1st period - Shot Misses the Net.
3:51 of 1st period - Mathias Emilio Pettersen is hit by Danny DeKeyser.
4:05 of 1st period - Slapshot by Jonatan Berggren.
4:05 of 1st period - Shot Misses the Net.
4:43 of 1st period - Wrist shot by Jonatan Berggren.
4:43 of 1st period - Shot Misses the Net.
4:45 of 1st period - Snap shot by Mathias Emilio Pettersen.
4:45 of 1st period - Stopped by Calvin Pickard without a rebound.
4:46 of 1st period - Alex Limoges wins face-off versus Will Lockwood in Canucks zone.
5:18 of 1st period - Marcus Bjork is hit by Cooper Marody.
5:36 of 1st period - Jack Rathbone is hit by Nils Aman and loses puck.
5:45 of 1st period - Michael Benning is hit by Seth Griffith and loses puck.
6:17 of 1st period - Olle Lycksell is hit by Shane Gersich and loses puck.
7:10 of 1st period - Connor Ford is hit by Derick Brassard and loses puck.
9:12 of 1st period - Chris Wagner is hit by Brandon Davidson.
9:44 of 1st period - Olle Lycksell is hit by Luke Martin and loses puck.
9:49 of 1st period - Wrist shot by Brad Malone.
9:49 of 1st period - Shot Misses the Net.
10:47 of 1st period - Turner Elson is hit by Adam Karashik and loses puck.
12:06 of 1st period - Wrist shot by Joakim Kemell.
12:06 of 1st period - Shot Misses the Net.
12:32 of 1st period - Icing by Danny DeKeyser.
12:33 of 1st period - Nils Aman wins face-off versus Brad Malone in Canucks zone.
13:01 of 1st period - Snap shot by Jonatan Berggren.
13:01 of 1st period - Shot Blocked by Chris Wagner.
13:25 of 1st period - Gabriel Dumont is hit by Brad Malone and loses puck.
13:35 of 1st period - Icing by Brad Malone.
13:36 of 1st period - Chris Wagner wins face-off versus Mathias Emilio Pettersen in Wild zone.
13:39 of 1st period - Snap shot by Nils Aman.
13:39 of 1st period - Stopped by Joel Hofer with a rebound.
13:43 of 1st period - Slapshot by Nils Aman.
13:43 of 1st period - Goal by Nils Aman - Wild : 0 - Canucks : 1.
13:44 of 1st period - Derick Brassard wins face-off versus Nils Aman in neutral zone.
13:53 of 1st period - Wrist shot by Austin Czarnik.
13:53 of 1st period - Goal by Austin Czarnik - Wild : 1 - Canucks : 1.
13:54 of 1st period - Derick Brassard wins face-off versus Nils Aman in neutral zone.
14:06 of 1st period - Slapshot by Nils Aman.
14:06 of 1st period - Shot Misses the Net.
14:50 of 1st period - Snap shot by Max Willman.
14:50 of 1st period - Stopped by Joel Hofer with a rebound.
15:06 of 1st period - Snap shot by Austin Czarnik.
15:06 of 1st period - Stopped by Calvin Pickard without a rebound.
15:07 of 1st period - Derick Brassard wins face-off versus Adam Cracknell in Canucks zone.
15:18 of 1st period - Snap shot by Jonatan Berggren.
15:18 of 1st period - Stopped by Calvin Pickard without a rebound.
15:19 of 1st period - Derick Brassard wins face-off versus Nils Aman in Canucks zone.
15:22 of 1st period - Wrist shot by Jonatan Berggren.
15:22 of 1st period - Goal by Jonatan Berggren - Wild : 2 - Canucks : 1.
15:23 of 1st period - Derick Brassard wins face-off versus Nils Aman in neutral zone.
16:03 of 1st period - Icing by Brogan Rafferty.
16:04 of 1st period - Chris Wagner wins face-off versus Mathias Emilio Pettersen in Canucks zone.
16:40 of 1st period - Derick Brassard is hit by Will Lockwood.
16:46 of 1st period - Snap shot by Derick Brassard.
16:46 of 1st period - Shot Misses the Net.
16:56 of 1st period - Jack Rathbone is hit by Danny DeKeyser and loses puck.
17:01 of 1st period - Snap shot by Gabriel Dumont.
17:01 of 1st period - Stopped by Joel Hofer with a rebound.
17:03 of 1st period - Wrist shot by Gabriel Dumont.
17:03 of 1st period - Stopped by Joel Hofer with a rebound.
17:05 of 1st period - Snap shot by Lane Hutson.
17:05 of 1st period - Stopped by Joel Hofer without a rebound.
17:06 of 1st period - Nils Aman wins face-off versus Derick Brassard in Wild zone.
17:13 of 1st period - Snap shot by Will Lockwood.
17:13 of 1st period - Shot Misses the Net.
17:15 of 1st period - Slapshot by Adam Cracknell.
17:15 of 1st period - Stopped by Joel Hofer with a rebound.
17:17 of 1st period - Slapshot by Nils Aman.
17:17 of 1st period - Shot Misses the Net.
17:31 of 1st period - Michael Benning is hit by Jack Rathbone.
17:35 of 1st period - Wrist shot by Gabriel Dumont.
17:35 of 1st period - Shot Misses the Net.
17:41 of 1st period - Slapshot by Jack Rathbone.
17:41 of 1st period - Shot Blocked by Danny DeKeyser.
17:43 of 1st period - Slapshot by Jack Rathbone.
17:43 of 1st period - Stopped by Calvin Pickard without a rebound.
17:44 of 1st period - Nils Aman wins face-off versus Mathias Emilio Pettersen in Canucks zone.
17:57 of 1st period - Nils Aman is hit by Mathias Emilio Pettersen and loses puck.
18:22 of 1st period - Snap shot by Jonatan Berggren.
18:22 of 1st period - Deflect By Austin Czarnik.
18:22 of 1st period - Stopped by Calvin Pickard with a rebound.
18:58 of 1st period - Snap shot by Adam Cracknell.
18:58 of 1st period - Stopped by Joel Hofer with a rebound.
19:16 of 1st period - Snap shot by Mathias Emilio Pettersen.
19:16 of 1st period - Shot Misses the Net.
19:34 of 1st period - Slapshot by Seth Griffith.
19:34 of 1st period - Shot Misses the Net.
19:36 of 1st period - Snap shot by Ryan Mast.
19:36 of 1st period - Deflect By Will Lockwood.
19:36 of 1st period - Stopped by Calvin Pickard with a rebound.
19:38 of 1st period - Wrist shot by Dylan Sikura.
19:38 of 1st period - Shot Blocked by Adam Cracknell.
Goals for this period are 2 for Wild vs 1 for Canucks.
Shots for this period are 8 for Wild vs 8 for Canucks.

2nd period


0:01 of 2nd period - Austin Czarnik wins face-off versus Nils Aman in neutral zone.
0:25 of 2nd period - Turner Elson is hit by Seth Griffith and loses puck.
1:13 of 2nd period - Wrist shot by Derick Brassard.
1:13 of 2nd period - Stopped by Calvin Pickard with a rebound.
2:35 of 2nd period - Snap shot by Joakim Kemell.
2:35 of 2nd period - Stopped by Calvin Pickard with a rebound.
2:37 of 2nd period - Wrist shot by Derick Brassard.
2:37 of 2nd period - Shot Misses the Net.
3:38 of 2nd period - Icing by Danny DeKeyser.
3:39 of 2nd period - Chris Wagner wins face-off versus Derick Brassard in Canucks zone.
3:56 of 2nd period - Wrist shot by Turner Elson.
3:56 of 2nd period - Shot Misses the Net.
3:58 of 2nd period - Snap shot by Turner Elson.
3:58 of 2nd period - Deflect By Olle Lycksell.
3:58 of 2nd period - Shot Misses the Net.
3:58 of 2nd period - Puck is out of play.
3:59 of 2nd period - Mathias Emilio Pettersen wins face-off versus Gabriel Dumont in Wild zone.
4:08 of 2nd period - Snap shot by Cooper Marody.
4:08 of 2nd period - Goal by Cooper Marody - Wild : 3 - Canucks : 1.
4:09 of 2nd period - Nils Aman wins face-off versus Derick Brassard in neutral zone.
5:00 of 2nd period - Seth Griffith is hit by Marcus Bjork and loses puck.
5:23 of 2nd period - Chris Wagner is hit by Derick Brassard and loses puck.
5:32 of 2nd period - Max Willman is hit by Derick Brassard and loses puck.
5:39 of 2nd period - Minor Penalty to Chris Wagner for Goalie Interference.
5:40 of 2nd period - Derick Brassard wins face-off versus Nils Aman in Canucks zone.
5:44 of 2nd period - Off-side.
5:45 of 2nd period - Nils Aman wins face-off versus Derick Brassard in neutral zone.
5:48 of 2nd period - Luke Martin is hit by Will Lockwood and loses puck.
7:39 of 2nd period - Penalty to Chris Wagner is over, Chris Wagner is back on ice.
9:26 of 2nd period - Icing by Danny DeKeyser.
9:27 of 2nd period - Gabriel Dumont wins face-off versus Alex Limoges in Canucks zone.
9:32 of 2nd period - Snap shot by Dakota Mermis.
9:32 of 2nd period - Shot Misses the Net.
9:44 of 2nd period - Slapshot by Dakota Mermis.
9:44 of 2nd period - Shot Blocked by Austin Czarnik.
9:46 of 2nd period - Wrist shot by Connor Ford.
9:46 of 2nd period - Goal by Connor Ford - Wild : 3 - Canucks : 2.
9:47 of 2nd period - Nils Aman wins face-off versus Derick Brassard in neutral zone.
9:55 of 2nd period - Snap shot by Will Lockwood.
9:55 of 2nd period - Stopped by Joel Hofer with a rebound.
9:57 of 2nd period - Snap shot by Nils Aman.
9:57 of 2nd period - Shot Misses the Net.
9:59 of 2nd period - Slapshot by Danny DeKeyser.
9:59 of 2nd period - Shot Blocked by Jack Rathbone.
10:01 of 2nd period - Wrist shot by Will Lockwood.
10:01 of 2nd period - Shot Misses the Net.
10:03 of 2nd period - Wrist shot by Adam Cracknell.
10:03 of 2nd period - Goal by Adam Cracknell - Wild : 3 - Canucks : 3.
10:04 of 2nd period - Derick Brassard wins face-off versus Nils Aman in neutral zone.
10:06 of 2nd period - Minor Penalty to Brandon Davidson for Slashing.
10:07 of 2nd period - Derick Brassard wins face-off versus Nils Aman in Wild zone.
10:33 of 2nd period - Jack Rathbone is hit by Turner Elson.
10:37 of 2nd period - Olle Lycksell is hit by Austin Czarnik and loses puck.
11:16 of 2nd period - Marcus Bjork is hit by Cooper Marody and loses puck.
11:53 of 2nd period - Alex Limoges is hit by Nils Aman.
12:03 of 2nd period - Jonatan Berggren is hit by Max Willman and loses puck.
12:06 of 2nd period - Penalty to Brandon Davidson is over, Brandon Davidson is back on ice.
12:16 of 2nd period - Snap shot by Max Willman.
12:16 of 2nd period - Shot Misses the Net.
13:18 of 2nd period - Turner Elson is hit by Cooper Marody and loses puck.
14:50 of 2nd period - Marcus Bjork is hit by Shane Gersich and loses puck.
15:03 of 2nd period - Dakota Mermis is hit by Seth Griffith and loses puck.
15:50 of 2nd period - Wrist shot by Seth Griffith.
15:50 of 2nd period - Stopped by Calvin Pickard with a rebound.
15:52 of 2nd period - Wrist shot by Alex Limoges.
15:52 of 2nd period - Deflect By Dylan Sikura.
15:52 of 2nd period - Shot Misses the Net.
15:52 of 2nd period - Puck is out of play.
15:53 of 2nd period - Chris Wagner wins face-off versus Alex Limoges in Canucks zone.
15:53 of 2nd period - Chris Wagner is hit by Andrew Peski.
16:35 of 2nd period - Dakota Mermis is hit by Luke Martin and loses puck.
17:02 of 2nd period - Snap shot by Cooper Marody.
17:02 of 2nd period - Stopped by Calvin Pickard with a rebound.
17:04 of 2nd period - Wrist shot by Brad Malone.
17:04 of 2nd period - Stopped by Calvin Pickard with a rebound.
17:06 of 2nd period - Slapshot by Adam Karashik.
17:06 of 2nd period - Shot Misses the Net.
17:08 of 2nd period - Wrist shot by Cooper Marody.
17:08 of 2nd period - Deflect By Mathias Emilio Pettersen.
17:08 of 2nd period - Stopped by Calvin Pickard with a rebound.
17:22 of 2nd period - Snap shot by Jonatan Berggren.
17:22 of 2nd period - Shot Misses the Net.
18:18 of 2nd period - Wrist shot by Mathias Emilio Pettersen.
18:18 of 2nd period - Shot Blocked by Connor Ford.
18:28 of 2nd period - Danny DeKeyser is hit by Seth Griffith and loses puck.
18:57 of 2nd period - Olivier Galipeau is hit by Cooper Marody.
19:45 of 2nd period - Turner Elson is hit by Joakim Kemell.
Goals for this period are 1 for Wild vs 2 for Canucks.
Shots for this period are 7 for Wild vs 3 for Canucks.

3rd period


0:01 of 3rd period - Nils Aman wins face-off versus Derick Brassard in neutral zone.
1:07 of 3rd period - Minor Penalty to Jonatan Berggren for Slashing.
1:08 of 3rd period - Derick Brassard wins face-off versus Nils Aman in Wild zone.
1:08 of 3rd period - Derick Brassard is hit by Marcus Bjork.
1:15 of 3rd period - Wrist shot by Will Lockwood.
1:15 of 3rd period - Goal by Will Lockwood - Wild : 3 - Canucks : 4.
1:16 of 3rd period - Nils Aman wins face-off versus Derick Brassard in neutral zone.
1:19 of 3rd period - Slapshot by Dakota Mermis.
1:19 of 3rd period - Stopped by Joel Hofer without a rebound.
1:20 of 3rd period - Nils Aman wins face-off versus Derick Brassard in Wild zone.
1:21 of 3rd period - Slapshot by Will Lockwood.
1:21 of 3rd period - Shot Misses the Net.
1:47 of 3rd period - Jack Rathbone is hit by Dakota Mermis and loses puck.
1:58 of 3rd period - Turner Elson is hit by Seth Griffith and loses puck.
3:47 of 3rd period - Snap shot by Derick Brassard.
3:47 of 3rd period - Stopped by Calvin Pickard without a rebound.
3:48 of 3rd period - Nils Aman wins face-off versus Derick Brassard in Canucks zone.
4:06 of 3rd period - Icing by Lane Hutson.
4:07 of 3rd period - Gabriel Dumont wins face-off versus Alex Limoges in Canucks zone.
4:07 of 3rd period - Gabriel Dumont is hit by Dylan Sikura.
4:12 of 3rd period - Off-side.
4:13 of 3rd period - Gabriel Dumont wins face-off versus Alex Limoges in neutral zone.
4:18 of 3rd period - Snap shot by Turner Elson.
4:18 of 3rd period - Shot Misses the Net.
4:20 of 3rd period - Wrist shot by Olle Lycksell.
4:20 of 3rd period - Stopped by Joel Hofer without a rebound.
4:21 of 3rd period - Derick Brassard wins face-off versus Nils Aman in Wild zone.
4:26 of 3rd period - Slapshot by Jack Rathbone.
4:26 of 3rd period - Stopped by Calvin Pickard with a rebound.
4:28 of 3rd period - Slapshot by Jack Rathbone.
4:28 of 3rd period - Stopped by Calvin Pickard with a rebound.
4:30 of 3rd period - Wrist shot by Austin Czarnik.
4:30 of 3rd period - Shot Misses the Net.
5:02 of 3rd period - Wrist shot by Will Lockwood.
5:02 of 3rd period - Shot Misses the Net.
5:42 of 3rd period - Snap shot by Max Willman.
5:42 of 3rd period - Shot Blocked by Derick Brassard.
5:44 of 3rd period - Snap shot by Chris Wagner.
5:44 of 3rd period - Stopped by Joel Hofer without a rebound.
5:45 of 3rd period - Gabriel Dumont wins face-off versus Derick Brassard in Wild zone.
6:48 of 3rd period - Wrist shot by Joakim Kemell.
6:48 of 3rd period - Stopped by Calvin Pickard with a rebound.
7:13 of 3rd period - Off-side.
7:14 of 3rd period - Alex Limoges wins face-off versus Nils Aman in neutral zone.
7:19 of 3rd period - Snap shot by Seth Griffith.
7:19 of 3rd period - Shot Misses the Net.
7:21 of 3rd period - Wrist shot by Dylan Sikura.
7:21 of 3rd period - Stopped by Calvin Pickard without a rebound.
7:22 of 3rd period - Derick Brassard wins face-off versus Nils Aman in Canucks zone.
7:23 of 3rd period - Snap shot by Jonatan Berggren.
7:23 of 3rd period - Shot Misses the Net.
7:29 of 3rd period - Slapshot by Marcus Bjork.
7:29 of 3rd period - Shot Blocked by Derick Brassard.
7:31 of 3rd period - Wrist shot by Adam Cracknell.
7:31 of 3rd period - Shot Blocked by Derick Brassard.
7:33 of 3rd period - Snap shot by Nils Aman.
7:33 of 3rd period - Stopped by Joel Hofer without a rebound.
7:34 of 3rd period - Nils Aman wins face-off versus Jonatan Berggren in Wild zone.
7:59 of 3rd period - Will Lockwood is hit by Mathias Emilio Pettersen and loses puck.
8:06 of 3rd period - Snap shot by Mathias Emilio Pettersen.
8:06 of 3rd period - Shot Blocked by Danny DeKeyser.
8:48 of 3rd period - Snap shot by Connor Ford.
8:48 of 3rd period - Stopped by Joel Hofer without a rebound.
8:49 of 3rd period - Connor Ford wins face-off versus Derick Brassard in Wild zone.
8:52 of 3rd period - Slapshot by Max Willman.
8:52 of 3rd period - Stopped by Joel Hofer with a rebound.
9:16 of 3rd period - Turner Elson is hit by Ryan Mast and loses puck.
9:21 of 3rd period - Snap shot by Seth Griffith.
9:21 of 3rd period - Shot Misses the Net.
10:03 of 3rd period - Snap shot by Derick Brassard.
10:03 of 3rd period - Stopped by Calvin Pickard without a rebound.
10:04 of 3rd period - Chris Wagner wins face-off versus Derick Brassard in Canucks zone.
10:04 of 3rd period - Chris Wagner is hit by Jack Rathbone.
10:38 of 3rd period - Wrist shot by Nils Aman.
10:38 of 3rd period - Stopped by Joel Hofer with a rebound.
10:40 of 3rd period - Slapshot by Nils Aman.
10:40 of 3rd period - Stopped by Joel Hofer without a rebound.
10:41 of 3rd period - Derick Brassard wins face-off versus Gabriel Dumont in Wild zone.
10:49 of 3rd period - Wrist shot by Jonatan Berggren.
10:49 of 3rd period - Shot Misses the Net.
10:51 of 3rd period - Wrist shot by Luke Martin.
10:51 of 3rd period - Stopped by Calvin Pickard without a rebound.
10:52 of 3rd period - Derick Brassard wins face-off versus Nils Aman in Canucks zone.
11:07 of 3rd period - Wrist shot by Will Lockwood.
11:07 of 3rd period - Stopped by Joel Hofer with a rebound.
11:23 of 3rd period - Wrist shot by Chris Wagner.
11:23 of 3rd period - Shot Misses the Net.
11:25 of 3rd period - Snap shot by Chris Wagner.
11:25 of 3rd period - Stopped by Joel Hofer without a rebound.
11:26 of 3rd period - Alex Limoges wins face-off versus Nils Aman in Wild zone.
11:33 of 3rd period - Slapshot by Seth Griffith.
11:33 of 3rd period - Shot Blocked by Dakota Mermis.
11:35 of 3rd period - Snap shot by Seth Griffith.
11:35 of 3rd period - Shot Misses the Net.
11:37 of 3rd period - Slapshot by Adam Karashik.
11:37 of 3rd period - Stopped by Calvin Pickard without a rebound.
11:38 of 3rd period - Alex Limoges wins face-off versus Nils Aman in Canucks zone.
11:45 of 3rd period - Wrist shot by Seth Griffith.
11:45 of 3rd period - Goal by Seth Griffith - Wild : 4 - Canucks : 4.
11:46 of 3rd period - Nils Aman wins face-off versus Jonatan Berggren in neutral zone.
11:57 of 3rd period - Snap shot by Will Lockwood.
11:57 of 3rd period - Goal by Will Lockwood - Wild : 4 - Canucks : 5.
11:58 of 3rd period - Derick Brassard wins face-off versus Nils Aman in neutral zone.
12:00 of 3rd period - Off-side.
12:01 of 3rd period - Nils Aman wins face-off versus Austin Czarnik in neutral zone.
12:33 of 3rd period - Off-side.
12:34 of 3rd period - Derick Brassard wins face-off versus Gabriel Dumont in neutral zone.
13:07 of 3rd period - Icing by Danny DeKeyser.
13:08 of 3rd period - Mathias Emilio Pettersen wins face-off versus Nils Aman in Canucks zone.
13:15 of 3rd period - Wrist shot by Mathias Emilio Pettersen.
13:15 of 3rd period - Stopped by Calvin Pickard with a rebound.
13:22 of 3rd period - Off-side.
13:23 of 3rd period - Derick Brassard wins face-off versus Gabriel Dumont in neutral zone.
15:08 of 3rd period - Seth Griffith is hit by Adam Cracknell and loses puck.
15:38 of 3rd period - Icing by Austin Czarnik.
15:39 of 3rd period - Nils Aman wins face-off versus Mathias Emilio Pettersen in Wild zone.
15:42 of 3rd period - Wrist shot by Will Lockwood.
15:42 of 3rd period - Shot Misses the Net.
15:44 of 3rd period - Wrist shot by Adam Cracknell.
15:44 of 3rd period - Stopped by Joel Hofer with a rebound.
15:46 of 3rd period - Slapshot by Dakota Mermis.
15:46 of 3rd period - Stopped by Joel Hofer with a rebound.
16:02 of 3rd period - Snap shot by Jonatan Berggren.
16:02 of 3rd period - Stopped by Calvin Pickard without a rebound.
16:03 of 3rd period - Gabriel Dumont wins face-off versus Derick Brassard in Canucks zone.
16:08 of 3rd period - Turner Elson is hit by Jonatan Berggren.
16:30 of 3rd period - Icing by Alex Limoges.
16:31 of 3rd period - Nils Aman wins face-off versus Alex Limoges in Wild zone.
16:32 of 3rd period - Snap shot by Will Lockwood.
16:32 of 3rd period - Stopped by Joel Hofer with a rebound.
16:40 of 3rd period - Slapshot by Nils Aman.
16:40 of 3rd period - Stopped by Joel Hofer without a rebound.
16:41 of 3rd period - Nils Aman wins face-off versus Derick Brassard in Wild zone.
17:14 of 3rd period - Snap shot by Turner Elson.
17:14 of 3rd period - Shot Misses the Net.
17:27 of 3rd period - Off-side.
17:28 of 3rd period - Chris Wagner wins face-off versus Mathias Emilio Pettersen in neutral zone.
18:09 of 3rd period - Snap shot by Max Willman.
18:09 of 3rd period - Shot Blocked by Luke Martin.
18:34 of 3rd period - Wrist shot by Brad Malone.
18:34 of 3rd period - Shot Misses the Net.
18:36 of 3rd period - Slapshot by Mathias Emilio Pettersen.
18:36 of 3rd period - Stopped by Calvin Pickard with a rebound.
18:40 of 3rd period - Slapshot by Mathias Emilio Pettersen.
18:40 of 3rd period - Shot Misses the Net.
18:42 of 3rd period - Snap shot by Cooper Marody.
18:42 of 3rd period - Stopped by Calvin Pickard without a rebound.
18:43 of 3rd period - Nils Aman wins face-off versus Derick Brassard in Canucks zone.
18:57 of 3rd period - Snap shot by Nils Aman.
18:57 of 3rd period - Shot Misses the Net.
18:59 of 3rd period - Slapshot by Nils Aman.
18:59 of 3rd period - Deflect By Will Lockwood.
18:59 of 3rd period - Stopped by Joel Hofer with a rebound.
19:09 of 3rd period - Wrist shot by Nils Aman.
19:09 of 3rd period - Stopped by Joel Hofer without a rebound.
19:10 of 3rd period - Brett McLean call a timeout for Wild.
19:10 of 3rd period - Nils Aman wins face-off versus Derick Brassard in Wild zone.
19:11 of 3rd period - Slapshot by Will Lockwood.
19:11 of 3rd period - Stopped by Joel Hofer without a rebound.
19:12 of 3rd period - Austin Czarnik wins face-off versus Nils Aman in Wild zone.
19:12 of 3rd period - Austin Czarnik is hit by Nils Aman.
19:44 of 3rd period - Will Lockwood is hit by Jack Rathbone and loses puck.
19:47 of 3rd period - Wild, Joel Hofer is pulled from the net.
19:49 of 3rd period - Wrist shot by Jonatan Berggren.
19:49 of 3rd period - Shot Misses the Net.
19:51 of 3rd period - Slapshot by Jack Rathbone.
19:51 of 3rd period - Stopped by Calvin Pickard with a rebound.
19:53 of 3rd period - Snap shot by Brandon Davidson.
19:53 of 3rd period - Shot Misses the Net.
19:55 of 3rd period - Snap shot by Derick Brassard.
19:55 of 3rd period - Goal by Derick Brassard - Wild : 5 - Canucks : 5.
19:55 of 3rd period - Joel Hofer from Wild was sent back in the game.
19:56 of 3rd period - Derick Brassard wins face-off versus Nils Aman in neutral zone.
Goals for this period are 2 for Wild vs 2 for Canucks.
Shots for this period are 15 for Wild vs 19 for Canucks.

Overtime #1


0:01 of 1st overtime period - Brad Malone wins face-off versus Gabriel Dumont in neutral zone.
0:13 of 1st overtime period - Wrist shot by Cooper Marody.
0:13 of 1st overtime period - Stopped by Calvin Pickard with a rebound.
0:15 of 1st overtime period - Slapshot by Brad Malone.
0:15 of 1st overtime period - Stopped by Calvin Pickard with a rebound.
0:22 of 1st overtime period - Icing by Brogan Rafferty.
0:23 of 1st overtime period - Gabriel Dumont wins face-off versus Brad Malone in Canucks zone.
0:30 of 1st overtime period - Snap shot by Gabriel Dumont.
0:30 of 1st overtime period - Stopped by Joel Hofer with a rebound.
1:05 of 1st overtime period - Connor Ford is hit by Dylan Sikura and loses puck.
2:38 of 1st overtime period - Shane Gersich is hit by Lane Hutson and loses puck.
4:00 of 1st overtime period - Icing by Alex Limoges.
4:01 of 1st overtime period - Alex Limoges wins face-off versus Chris Wagner in Wild zone.
Goals for this period are 0 for Wild vs 0 for Canucks.
Shots for this period are 2 for Wild vs 1 for Canucks.

ShootOut


5:00 of 1st overtime period - Round #1.
5:00 of 1st overtime period - Wild, Derick Brassard.
5:00 of 1st overtime period - Backhand shot by Derick Brassard.
5:00 of 1st overtime period - Goal by Derick Brassard.
5:00 of 1st overtime period - Canucks, Nils Aman.
5:00 of 1st overtime period - Deke by Nils Aman.
5:00 of 1st overtime period - Shot Misses the Net.
5:00 of 1st overtime period - Round #2.
5:00 of 1st overtime period - Wild, Austin Czarnik.
5:00 of 1st overtime period - Snap shot by Austin Czarnik.
5:00 of 1st overtime period - Stopped by Calvin Pickard.
5:00 of 1st overtime period - Canucks, Will Lockwood.
5:00 of 1st overtime period - Deke by Will Lockwood.
5:00 of 1st overtime period - Stopped by Joel Hofer.
5:00 of 1st overtime period - Round #3.
5:00 of 1st overtime period - Wild, Jonatan Berggren.
5:00 of 1st overtime period - Deke by Jonatan Berggren.
5:00 of 1st overtime period - Goal by Jonatan Berggren.